 Dungeon Crawl Stone Soup version 0.26-a0-597-gb535b0901c (webtiles) character file.

Game seed: 16683874910665572095

49 MrTeeJey the Shield-Bearer (level 4, 0/35 HPs)
             Began as a Human Fighter on Sept 1, 2020.
             Succumbed to an adder's poison
             ... on level 1 of the Dungeon.
             The game lasted 00:08:42 (1119 turns).

MrTeeJey the Shield-Bearer (Human Fighter)          Turns: 1119, Time: 00:08:42

Health: 0/35       AC: 10    Str: 17    XL:     4   Next: 1%
Magic:  13/13      EV:  4    Int:  9    God:
Gold:   112        SH:  9    Dex: 12    Spells: 3/3 levels left

rFire    + . .     SeeInvis .   a - +0 long sword
rCold    x . .     Faith    .   c - +0 kite shield
rNeg     . . .     Spirit   .   i - +0 chain mail
rPois    .         Reflect  .   m - +0 helmet
rElec    .         Harm     .   (no cloak)
rCorr    .                      (no gloves)
MR       .....                  (no boots)
Stlth    ..........             (no amulet)
HPRegen  0.11/turn              k - ring of magical power
MPRegen  0.13/turn              o - ring of fire

@: lethally poisoned (0 -> -5)
A: no striking features
a: no special abilities


You were on level 1 of the Dungeon.
You visited 1 branch of the dungeon, and saw 2 of its levels.

You collected 112 gold pieces.

Inventory:

Hand Weapons
 a - a +0 long sword (weapon)
Missiles
 e - 46 sling bullets
 h - 95 stones (quivered)
Armour
 b - a +0 scale mail
 c - a +0 kite shield (worn)
 f - a +0 robe
 i - a +0 chain mail (worn)
 m - a +0 helmet (worn)
Jewellery
 k - a ring of magical power (left hand)
 o - a ring of fire (right hand)
Scrolls
 g - a scroll of amnesia {unknown}
 l - a scroll of teleportation {unknown}
 n - a scroll of remove curse {unknown}
Potions
 d - a potion of might
 j - 2 potions of magic {unknown}


   Skills:
 + Level 3.3 Fighting
 + Level 2.8 Long Blades
 + Level 3.3 Armour
 + Level 0.1 Stealth
 + Level 3.4 Shields


You had 3 spell levels left.
You didn't know any spells.
Your spell library was empty.

Dungeon Overview and Level Annotations

Branches:
Dungeon (2/15)

Altars:


Message History

You block the adder's attack.
You feel sick.
You are no longer poisoned.
The adder bites you.
* * * LOW HITPOINT WARNING * * *
You block the adder's attack. The adder bites you but does no damage.
You see here 16 poisoned darts.
You block the adder's attack.
There is a stone staircase leading up here.
You block the adder's attack.
You climb upwards.
There is a stone staircase leading down here.
The adder bites you.
* * * LOW HITPOINT WARNING * * *
You are lethally poisoned!
The adder poisons you!
* * * LOW HITPOINT WARNING * * *
You feel sick.
You die...

###.##.#.............#.#.......#
.##.##.#######+#######.####..####
....##.................##........
.##.######.########.####..#..####
###.# #.#.#.# #.##....####..####
###.####.#...###.####.## #...)..
.................####.# #.#####
###...###.............# #.#
.....>.......###@###### #.#
.#####....#### #.# #.# .# #.####
#S##########.# .# #.#
#.>..........# .# #.#
############## .#####.# .......#
########


You could see an adder.

Vanquished Creatures
  2 oozes (D:1)
  2 dart slugs (D:1)
  A leopard gecko (D:1)
  A ball python (D:1)
  4 bats
  2 giant cockroaches
  3 goblins
  4 hobgoblins
  5 kobolds
  2 quokkas (D:2)
  A frilled lizard (D:1)
  5 rats
32 creatures vanquished.

Notes
Turn   | Place    | Note
-------+----------+-------------------------------------------
     0 | D:1      | MrTeeJey the Human Fighter began the quest for the Orb.
     0 | D:1      | Reached XP level 1. HP: 18/18 MP: 1/1
   148 | D:1      | Reached XP level 2. HP: 24/24 MP: 2/2
   318 | D:1      | Reached XP level 3. HP: 19/29 MP: 3/3
  1095 | D:2      | Reached XP level 4. HP: 5/35 MP: 4/4
  1102 | D:2      | HP: 1/35 [adder (3)]
  1118 | D:1      | HP: 1/35 [poisoned by an adder]
  1119 | D:1      | Succumbed to an adder's poison

Illustrated notes

Levels and vault maps discovered:
D:1:      matt_arrival_refuge, layout_loops_ring
D:2:      layout_rooms, serial_corexii_hall, corexii_hall_statues_t,
          corexii_hall_statues_s, solitary_fountain

Action                   |  1- 3 |  4- 6 || total
-------------------------+-------+-------++-------
Melee: Long sword        |    98 |       ||    98
  Use: Scroll            |     2 |       ||     2
Armor: Scale mail        |     4 |       ||     4
       Chain mail        |    74 |     1 ||    75
Dodge: Dodged            |    35 |       ||    35
Block: Kite shield       |    76 |     5 ||    81
       Rpst.: Long sword |    10 |       ||    10

Table legend: (Time is in decaauts)
 A = Elapsed time spent in this place.
 B = Non-inter-level travel time spent in this place.
 C = Inter-level travel time spent in this place.
 D = Time resting spent in this place.
 E = Time spent auto-exploring this place.
 F = Levels seen in this place.
 G = Mean time per level.
                   A        B        C        D        E       F      G
               +--------+--------+--------+--------+--------+-----+--------+
         Total |   1154 |   1154 |      0 |      0 |      0 |   2 |  577.0 |
       Dungeon |   1154 |   1154 |      0 |      0 |      0 |   2 |  577.0 |
               +--------+--------+--------+--------+--------+-----+--------+

Top non-repeatable levels by time:
     D:1: 841 daAuts
     D:2: 312 daAuts
